 Dungeon Crawl Stone Soup version 0.31.0-9-g3a7656b989 (webtiles) character file.

Game seed: 2963485254489256278

18 hence the Conjurer (level 2, 0/22 HPs)
             Began as a Naga Conjurer on Jan 24, 2024.
             Slain by a frilled lizard (3 damage)
             ... on level 2 of the Dungeon.
             The game lasted 00:05:55 (358 turns).

hence the Conjurer (Naga Conjurer)                   Turns: 358, Time: 00:05:56

Health: 0/22       AC:  1    Str: 11    XL:     2   Next: 70%
Magic:  3/5        EV:  9    Int: 26    God:
Gold:   23         SH:  0    Dex:  9    Spells: 4/5 levels left

rFire   x . .        b - +5 short sword of Wu Jian's Displeasure {flame, ^Drain rF- Str+2 Int+8}
rCold   . . .        (no shield)
rNeg    . . .        a - +0 robe
rPois   +            (no helmet)
rElec   .            (no cloak)
rCorr   .            (no gloves)
SInv    +            (no barding)
Will    .....        (no amulet)
Stlth   ++           (no ring)
HPRegen 0.23/turn    (no ring)
MPRegen 0.09/turn

%: no passive effects
@: lethally poisoned (0 -> -3), very slow
A: AC +0, large, see invisible, deformed body, poison resistance, slowness 2,
spit poison 1, naga tail 1
a: Spit Poison


You were on level 2 of the Dungeon.
You visited 1 branch of the dungeon, and saw 2 of its levels.

You collected 23 gold pieces.

Inventory:

Hand Weapons
 b - the +5 short sword of Wu Jian's Displeasure (weapon) {flame, ^Drain rF- Str+2 Int+8}
   (You took it off a hobgoblin on level 2 of the Dungeon)

   Str+2:     It affects your strength (+2).
   Int+8:     It affects your intelligence (+8).
   rF-:       It makes you vulnerable to fire.
   ^Drain:    It drains your maximum health when unequipped.
Missiles
 d - 4 stones
Armour
 a - a +0 robe (worn)
 c - a +0 leather armour


   Skills:
 + Level 1.9 Dodging
 + Level 3.5 Stealth
 + Level 2.2 Spellcasting
 + Level 4.1 Conjurations


You had 4 spell levels left.
You knew the following spells:

 Your Spells              Type           Power      Damage    Failure   Level
a - Magic Dart            Conj           96%        1d7       1%          1

Your spell library contained the following spells:

 Spells                   Type           Power      Damage    Failure   Level
 Searing Ray              Conj           48%        2d6       2%          2
 Fulminant Prism          Conj/Alch      6%         3d7       41%         4
 Iskenderun's Mystic Bla  Conj/Tloc      13%        2d5       41%         4


Dungeon Overview and Level Annotations

Branches:
Dungeon (2/15)

Altars:


Innate Abilities, Weirdness & Mutations

Your serpentine skin is tough. (AC +0)
You have supernaturally acute eyesight. (SInv)
Armour fits poorly on your strangely shaped body.
Your system is resistant to poisons. (rPois)
You cover ground very slowly.
You can spit poison.
You have a snake-like lower body.


Message History

Press: ? - help, Q - select action, (/) - cycle Shift-Dir - straight line, f/p - adder
Aim: an adder (lightly wounded, 100% to hit)
The magic dart hits the adder.
The adder is severely wounded.
You barely miss the adder.
The adder is severely wounded.
The adder closely misses you.
You completely miss the adder.
The adder is severely wounded.
The adder bites you.
You barely miss the adder.
The adder is severely wounded.
The adder completely misses you. The adder barely misses you.
You barely miss the adder.
The adder is severely wounded.
The adder bites you. x2
You barely miss the adder.
The adder is severely wounded.
The adder bites you.
You are poisoned.
The adder poisons you!
You closely miss the adder.
The adder is severely wounded.
You feel sick. The adder bites you.
* * * LOW HITPOINT WARNING * * *
Casting: Magic Dart (safe; 1% risk of failure)
Confirm with . or Enter, or press ? or * to list all spells.
Aiming: Magic Dart (safe; 1% risk of failure)
Press: ? - help, Shift-Dir - straight line, f/p - adder
Aim: an adder (severely wounded, 100% to hit)
The magic dart hits the adder!
You kill the adder!
* * * LOW HITPOINT WARNING * * *
You feel sick.
You aren't carrying any potions.
You closely miss the frilled lizard. Your punch misses the frilled lizard.
* * * LOW HITPOINT WARNING * * *
You feel sick. The frilled lizard bites you.
You die...

# ### ###. #.. #..
.. #.###
#########.# .##...
..........#
.....####..
..........###.
.........
###.#####.....
#........ #
#.#####.##.# #l# #
#.......##.###@# #
######..##.#...#
###..............#
..........######.#
###.####..# #...
..... ..... ###..
.......†..## ###
###.####..# ....#
#..#


You could see a frilled lizard.

Vanquished Creatures
  An adder (D:2)
  A ball python (D:2)
  An endoplasm (D:2)
  A hobgoblin (D:2)
  2 jackals (D:2)
  A bat (D:2)
  2 frilled lizards (D:2)
  A rat (D:1)
10 creatures vanquished.

Notes
Turn   | Place    | Note
-------+----------+-------------------------------------------
     0 | D:1      | hence the Naga Conjurer began the quest for the Orb.
     0 | D:1      | Reached XP level 1. HP: 15/15 MP: 3/3
   237 | D:2      | Identified the +5 short sword of Wu Jian's Displeasure
                  | {flame, ^Drain rF- Str+2 Int+8}
   278 | D:2      | Reached XP level 2. HP: 22/22 MP: 0/5
   358 | D:2      | Slain by a frilled lizard

Illustrated notes

Levels and vault maps discovered:
D:1:      hellmonk_arrival_library, layout_basic, minmay_tall_x
D:2:      layout_loops_ring

Action                     || total
---------------------------++-------
  Melee: Unarmed           ||     5
         Short sword       ||    12
   Cast: Magic Dart        ||    17
    Use: Potion            ||     1
         Scroll            ||     1
 Armour: Robe              ||    12
  Dodge: Dodged            ||     9
